 Dungeon Sprint DCSS version 0.27-a0-103-g6cd7b45605 (webtiles) character file.

Game seed: 8979409688224492299

84 mhtbhm the Gusty (level 4, 0/24 HPs)
             Began as a Deep Elf Air Elementalist on Jan 23, 2021.
             Was a Follower of Vehumet.
             Slain by a troll (8 damage)
             ... in the Dungeon (Sprint IX: "|||||||||||||||||||||||||||||").
             The game lasted 00:01:13 (276 turns).

mhtbhm the Gusty (Deep Elf Air Elementalist)         Turns: 276, Time: 00:01:14

Health: 0/24       AC:  6    Str:  5    XL:     4   Next: 23%
Magic:  9/14       EV: 14    Int: 24    God:    Vehumet [*.....]
Gold:   0          SH:  0    Dex: 15    Spells: 5/15 levels left

rFire    . . .     SeeInvis .   k - +2 rapier (venom)
rCold    . . .     Faith    .   (no shield)
rNeg     . . .     Spirit   .   a - +0 robe
rPois    .         Reflect  .   (no helmet)
rElec    .         Harm     .   m - +0 cloak
rCorr    .         Rampage  .   (no gloves)
Will     .....     NoTele   +   l - +0 pair of boots
Stlth    ++........             (no amulet)
HPRegen  0.08/turn              n - +2 ring of protection
MPRegen  0.14/turn              o - +3 ring of intelligence

@: no status effects
A: no striking features
a: Renounce Religion


You were in the Dungeon.
You worshipped Vehumet.
Vehumet was aware of your devotion.
You visited 1 branch

Inventory:

Hand Weapons
 k - a +2 rapier of venom (weapon)
Armour
 a - a +0 robe (worn)
 l - a +0 pair of boots (worn)
 m - a +0 cloak (worn)
Jewellery
 n - a +2 ring of protection (left hand)
 o - a +3 ring of intelligence (right hand)
Wands
 j - a wand of iceblast (9)
Scrolls
 g - 3 scrolls of remove curse
 h - 2 scrolls of blinking
 i - 2 scrolls of amnesia
Potions
 b - a potion of invisibility
 c - 2 potions of heal wounds
 d - 4 potions of curing
 e - a potion of haste
 f - 4 potions of magic


   Skills:
 + Level 4.3 Dodging
 - Level 3.7 Stealth
 + Level 6.0 Spellcasting
 + Level 2.2 Conjurations
 + Level 6.6 Air Magic


You had 5 spell levels left.
You knew the following spells:

 Your Spells              Type           Power        Failure   Level
a - Shock                 Conj/Air       100%         1%          1
b - Swiftness             Air            39%          1%          2
c - Static Discharge      Conj/Air       28%          3%          3
d - Airstrike             Air            19%          4%          4

Your spell library contained the following spells:

 Spells                   Type           Power        Failure   Level
 Freeze                   Ice            28%          8%          1
 Lightning Bolt           Conj/Air       14%          34%         5


Dungeon Overview and Level Annotations

Branches:
Dungeon (1/1)

Altars:
Cheibriados
Dithmenos
Elyvilon
Fedhas
Gozag
Hepliaklqana
Kikubaaqudgha
Makhleb
Nemelex Xobeh
Okawaru
Qazlal
Ru
Sif Muna
Trog
Uskayaw
Vehumet
Wu Jian
Xom
Yredelemnul
Zin
The Shining One
Beogh
Jiyva
Lugonu


Message History

Ouch! That really hurt!
The troll claws you but does no damage. The troll closely misses you.
Unknown command.
Unknown command.
Casting: Shock (safe; 1% risk of failure)
Confirm with . or Enter, or press ? or * to list all spells.
Aiming: Shock (safe; 1% risk of failure)
Press: ? - help, Shift-Dir - straight line, f/p - troll
Aim: a troll (heavily wounded, 26% to evade)
The zap misses the troll.
The zap hits the centaur.
You kill the centaur!
Vehumet accepts your kill.
You can now gain magical power from killing.
Vehumet offers you knowledge of Freeze.
The zap hits the ufetubus.
The ufetubus is severely wounded.
The zap hits the bullfrog.
The bullfrog is heavily wounded.
The troll bites you. The troll closely misses you. The troll claws you!
You die... ▓▓▓▓▓▓▓▓▓▓▓▓▓▓▓▓▓▓▓▓▓▓▓▓ ...F5)T@.[...)..'_______ ▓▓▓▓▓▓▓▓▓▓▓▓▓▓▓▓▓▓▓▓▓▓▓▓

You could see a troll, a bullfrog and an ufetubus.

Vanquished Creatures
  A centaur (D)
  A howler monkey (D)
  A worker ant (D)
  2 ufetubi (D)
  A dart slug (D)
  A bat zombie (D)
  A goblin (D)
  A quokka (D)
  A bat (D)
  3 frilled lizards (D)
13 creatures vanquished.

Notes
Turn   | Place    | Note
-------+----------+-------------------------------------------
     0 | D        | mhtbhm the Deep Elf Air Elementalist began the quest for
                  | the Orb.
     0 | D        | Reached XP level 1. HP: 10/10 MP: 6/6
   160 | D        | Noticed a worker ant
   160 | D        | Noticed a howler monkey
   165 | D        | Reached XP level 2. HP: 15/15 MP: 2/9
   166 | D        | Killed a howler monkey
   167 | D        | Reached skill level 5 in Spellcasting
   167 | D        | Reached skill level 5 in Air Magic
   167 | D        | Reached XP level 3. HP: 9/19 MP: 0/11
   182 | D        | Reached XP level 4. HP: 24/24 MP: 0/13
   197 | D        | Found a roughly hewn altar of Beogh.
   197 | D        | Found a snail-covered altar of Cheibriados.
   197 | D        | Found a shadowy altar of Dithmenos.
   197 | D        | Found a white marble altar of Elyvilon.
   197 | D        | Found a blossoming altar of Fedhas.
   197 | D        | Found an opulent altar of Gozag.
   198 | D        | Found a hazy altar of Hepliaklqana.
   199 | D        | Found a viscous altar of Jiyva.
   200 | D        | Found an ancient bone altar of Kikubaaqudgha.
   201 | D        | Found a corrupted altar of Lugonu.
   202 | D        | Found a burning altar of Makhleb.
   203 | D        | Found a sparkling altar of Nemelex Xobeh.
   204 | D        | Found an iron altar of Okawaru.
   205 | D        | Found a stormy altar of Qazlal.
   206 | D        | Found a sacrificial altar of Ru.
   207 | D        | Found a shimmering blue altar of Sif Muna.
   208 | D        | Found a bloodstained altar of Trog.
   209 | D        | Found a hide-covered altar of Uskayaw.
   210 | D        | Found a radiant altar of Vehumet.
   211 | D        | Found an ornate altar of the Wu Jian Council.
   212 | D        | Found a shimmering altar of Xom.
   213 | D        | Found a basalt altar of Yredelemnul.
   214 | D        | Found a glowing silver altar of Zin.
   215 | D        | Found a glowing golden altar of the Shining One.
   218 | D        | Became a worshipper of Vehumet
   259 | D        | Learned a level 2 spell: Swiftness
   263 | D        | Learned a level 3 spell: Static Discharge
   268 | D        | Learned a level 4 spell: Airstrike
   271 | D        | Noticed a bullfrog
   271 | D        | Noticed a centaur
   271 | D        | Noticed a troll
   276 | D        | Killed a centaur
   276 | D        | Reached * piety under Vehumet
   276 | D        | Offered knowledge of Freeze by Vehumet.
   276 | D        | Slain by a troll

Illustrated notes

Levels and vault maps discovered:
D:        linesprint [early_d, line_temple, items_1, d_10, items_2, lair_1,
          lair_end, items_3, orc_1, orc_end, items_4, d_15, swamp_1, shoals_1,
          snake_1, spider_1, d_20, vaults_1, items_5, swamp_end, shoals_end,
          snake_end, spider_end, vaults_end, d_27, items_6, zot_1, zot_end,
          crypt_end, forest_end, elf_end, slime_end, tomb_end, abyss_end,
          pan_hell_end]

Skill      XL: |  1  2  3  4 |
---------------+-------------+-----
Air Magic      | 4 5 6 |  6.6
Dodging        | 3 4 |  4.3
Spellcasting   | 4 5 6 |  6.0
Stealth        | 3 |  3.7
Conjurations   | 2 |  2.2

Action                   |  1- 3 |  4- 6 || total
-------------------------+-------+-------++-------
Melee: Unarmed           |     1 |       ||     1
 Cast: Shock             |    13 |     4 ||    17
Evoke: Wand              |       |     1 ||     1
  Use: Potion            |     3 |       ||     3
Armor: Robe              |     1 |     1 ||     2
Dodge: Dodged            |    12 |     2 ||    14

Table legend: (Time is in decaauts)
 A = Elapsed time spent in this place.
 B = Non-inter-level travel time spent in this place.
 C = Inter-level travel time spent in this place.
 D = Time resting spent in this place.
 E = Time spent auto-exploring this place.
 F = Levels seen in this place.
 G = Mean time per level.
                   A        B        C        D        E       F      G
               +--------+--------+--------+--------+--------+-----+--------+
         Total |    283 |    283 |      0 |    148 |      3 |   1 |  283.0 |
       Dungeon |    283 |    283 |      0 |    148 |      3 |   1 |  283.0 |
               +--------+--------+--------+--------+--------+-----+--------+

Top non-repeatable levels by time:
       D: 283 daAuts
